 Dungeon Crawl Stone Soup version 0.27.1-1-g398f81649c (webtiles) character file.

Game seed: 11704176768430579331

6259 greenlake the Protected (level 10, -8/85 HPs)
             Began as a Demonspawn Fighter on Sept 14, 2021.
             Was a High Priest of Okawaru.
             Mangled by a skeletal warrior (10 damage)
             ... on level 9 of the Dungeon.
             The game lasted 00:23:34 (10227 turns).

greenlake the Protected (Demonspawn Fighter)       Turns: 10227, Time: 00:23:35

Health: -8/85      AC: 25    Str: 29    XL:     10   Next: 62%
Magic:  10/10      EV:  8    Int: 10    God:    Okawaru [*****.]
Gold:   520        SH:  0    Dex: 12    Spells: 9/9 levels left

rFire    . . .     SeeInvis .   U - +1 whip of Eternal Harmony {venom, rC+ Stlth+}
rCold    + . .     Faith    +   (no shield)
rNeg     . . .     Spirit   .   t - +1 plate armour {rPois}
rPois    +         Reflect  .   (no helmet)
rElec    .         Harm     .   l - +1 cloak
rCorr    +         Rampage  .   T - +0 pair of gloves {Str+3}
Will     .....                  (no boots)
Stlth    ..........             e - amulet of faith
HPRegen  0.24/turn              s - +6 ring of strength
MPRegen  0.12/turn              g - ring of resist corrosion

@: sanguine armoured
A: talons 1, foul stench 1, spiny 2, sanguine armour 1
a: Renounce Religion, Heroism, Finesse


You were on level 9 of the Dungeon.
You worshipped Okawaru.
Okawaru was extremely pleased with you.
You visited 2 branches of the dungeon, and saw 10 of its levels.
You also visited: Sewer.

You collected 520 gold pieces.

Inventory:

Hand Weapons
 a - a +0 war axe
 h - a +1 vampiric dagger
 j - a +1 dagger of venom
 H - a +2 flail of protection
 K - a +2 morningstar of pain
 U - the +1 whip of Eternal Harmony (weapon) {venom, rC+ Stlth+}
   (You found it on level 8 of the Dungeon)

   It poisons the flesh of those it strikes.
   rC:        It protects you from cold.
   Stlth:     It makes you more stealthy.
 W - the +5 scythe "Finisher" {speed, eviscerate}
   (You found it on level 9 of the Dungeon)

   Attacks with this weapon are significantly faster.
   It may eviscerate those it strikes, slaying them instantly, with a decreasing
   chance against stronger foes.
Missiles
 r - 8 javelins (quivered)
 C - 14 poisoned darts
 R - 14 boomerangs
 S - 8 atropa-tipped darts
Armour
 b - a +0 scale mail
 c - a +0 kite shield
 l - a +1 cloak (worn)
 o - a +0 kite shield of protection
 t - a +1 plate armour of poison resistance (worn)
 L - +0 steam dragon scales
 T - a +0 pair of gloves of strength (worn)
Jewellery
 e - an amulet of faith (around neck)
 g - a ring of resist corrosion (right hand)
 s - a +6 ring of strength (left hand)
Wands
 k - a wand of acid (6)
 D - a wand of mindburst (8)
 I - a wand of paralysis (6)
 N - a wand of flame (23)
 Q - a wand of iceblast (9)
Scrolls
 f - 9 scrolls of identify {unknown}
 i - 2 scrolls of fog {unknown}
 m - 2 scrolls of magic mapping {unknown}
 n - a scroll of teleportation {unknown}
 v - 3 scrolls of enchant armour {unknown}
 x - 4 scrolls of blinking {unknown}
 y - 2 scrolls of brand weapon {unknown}
 z - 3 scrolls of enchant weapon {unknown}
 B - a scroll of summoning {unknown}
 G - a scroll of noise {unknown}
 J - a scroll of fear {unknown}
 M - a scroll of amnesia {unknown}
 V - a scroll of acquirement {unknown}
Potions
 d - a potion of might
 p - 5 potions of resistance {unknown}
 q - 5 potions of haste {unknown}
 u - 3 potions of curing {unknown}
 w - 2 potions of ambrosia {unknown}
 A - a potion of magic {unknown}
 E - 2 potions of flight {unknown}
 F - 2 potions of degeneration {unknown}
 O - a potion of attraction {unknown}
 P - a potion of cancellation {unknown}


   Skills:
 - Level 10.0 Fighting
 - Level 1.7(4.0) Axes
 + Level 5.7(5.9) Maces & Flails
 + Level 10.8 Armour
 - Level 2.6 Shields


You had 9 spell levels left.
You didn't know any spells.
Your spell library contained the following spells:

 Spells                   Type           Power      Damage    Failure   Level
 Call Canine Familiar     Summ           0%         N/A       100%        3
 Conjure Flame            Conj/Fire      0%         6-21      100%        3
 Ignite Poison            Fire/Tmut/Pois 0%         N/A       100%        3
 Portal Projectile        Hex/Tloc       0%         N/A       100%        3
 Leda's Liquefaction      Hex/Erth       0%         N/A       100%        4
 Sticky Flame             Conj/Fire      0%         2d3       100%        4


Dungeon Overview and Level Annotations

Branches:
Dungeon (9/15)             Temple (1/1) D:4           Sewer (visited)
   Lair: D:8-11         Orc: D:9-12

Altars:
Ashenzari
Cheibriados
Dithmenos
Elyvilon
Fedhas
Gozag
Hepliaklqana
Kikubaaqudgha
Makhleb
Okawaru
Ru
Sif Muna
Trog
Uskayaw
Vehumet
Wu Jian
Xom
Yredelemnul
Zin
The Shining One

Annotations:
D:5 2 transporters, Yajnam's ghost, amateur MfIE
D:6 2 runed translucent doors, a11behringer's ghost, novice PaBe


Innate Abilities, Weirdness & Mutations

You have sharp toenails.
You may rarely emit foul miasma when damaged in melee.
You are mostly covered in sharp spines.
When seriously injured, your bleeding wounds create armour. (AC +6)


Message History

The wraith barely misses you.
You whack the wraith! You claw the wraith, but do no damage.
The wraith is moderately damaged.
The wraith is struck by your spines. The wraith barely misses you.
The wraith is struck by your spines. The wraith barely misses you.
You hit the wraith.
The wraith is heavily damaged.
The wraith hits you! The wraith drains your vigour!
You feel as though you will be slow longer.
You hit the wraith.
The wraith is severely damaged.
The wraith hits you.
You closely miss the wraith. Your kick misses the wraith.
The wraith is severely damaged.
The wraith is struck by your spines. The wraith hits you!
You hit the wraith.
You destroy the wraith!
Okawaru accepts your kill.
A skeletal warrior comes into view. It is wielding a +1 vorpal glaive.
The skeletal warrior is struck by your spines.
The skeletal warrior hits you but does no damage.
You see here the +5 scythe "Finisher" {speed, eviscerate}.
W - the +5 scythe "Finisher" {speed, eviscerate} The skeletal warrior hits you with a +1 vorpal glaive!
Your blood congeals into armour.
The skeletal warrior hits you with a +1 vorpal glaive!
You hit the skeletal warrior.
You claw the skeletal warrior, but do no damage.
The skeletal warrior is lightly damaged.
The skeletal warrior hits you but does no damage.
You hit the skeletal warrior. You claw the skeletal warrior.
The skeletal warrior is moderately damaged.
The skeletal warrior hits you but does no damage.
The skeletal warrior is struck by your spines.
The skeletal warrior hits you with a +1 vorpal glaive!
The skeletal warrior hits you from afar with a +1 vorpal glaive!!
* * * LOW HITPOINT WARNING * * *
x2 You feel yourself speed up.
The skeletal warrior hits you from afar with a +1 vorpal glaive!
You die...

##################
..................
###...##..........
#...##..##########
#####......#..##@.#..#
........#..#.#..#..#.#
........##.##.z####.##
........##.##.#.#.#..#
........##.#.###z###...#
.[......##.## #.#.#
##..... ........##.# ##
#.. ....# ........†..#
.#.# .... ......####.# .
# ..#


You could see a skeletal warrior.

Vanquished Creatures
  Pikel (D:6)
  Maggie (D:6)
  Psyche (D:7)
  2 hornets (D:8)
  Grinder (D:6)
  Prince Ribbit (D:8)
  A shadow (D:7)
  A yak (D:6)
  4 wraiths
  Edmund (D:6)
  2 steam dragons
  3 water moccasins
  An ice beast (D:5)
  An orc warrior (D:7)
  3 black bears
  2 necrophages
  Blork the orc (D:6)
  A kobold brigand (D:6)
  3 scorpions (D:6)
  A wyvern zombie (D:8)
  A water moccasin zombie (D:6)
  A wyvern skeleton (D:7)
  3 howler monkeys (D:8)
  8 wights
  2 bullfrog zombies (D:6)
  5 centaur zombies
  A crimson imp (D:5)
  5 hounds
  2 centaur skeletons
  A bullfrog skeleton (D:6)
  6 orc priests
  2 jellies
  Jessica (D:2)
  Terence (D:2)
  2 iguanas
  9 orc wizards
  A killer bee zombie (D:5)
  A hound zombie (D:5)
  5 adders
  A gnoll (D:1)
  A howler monkey skeleton (D:3)
  A river rat (D:5)
  A white imp (D:7)
  2 ufetubi
  An adder skeleton (D:5)
  8 worms
  2 dart slugs (D:3)
  32 orcs
  12 ball pythons
  3 bats
  10 endoplasms
  3 giant cockroaches
  10 goblins
  5 hobgoblins
  18 jackals
  9 kobolds
  8 frilled lizards
  6 rats
222 creatures vanquished.

Vanquished Creatures (others)
  A water moccasin (D:7)
  A white imp (D:7)
  An orc (D:7)
  6 fungi (D:9)
  11 plants
20 creatures vanquished.

Grand Total: 242 creatures vanquished

Notes
Turn   | Place    | Note
-------+----------+-------------------------------------------
     0 | D:1      | greenlake the Demonspawn Fighter began the quest for the
                  | Orb.
     0 | D:1      | Reached XP level 1. HP: 18/18 MP: 1/1
   313 | D:1      | Gained mutation: You may rarely emit foul miasma when
                  | damaged in melee. [demonic ancestry]
   313 | D:1      | Reached XP level 2. HP: 15/24 MP: 2/2
   618 | D:1      | Gained mutation: You are partially covered in sharp spines.
                  | [demonic ancestry]
   618 | D:1      | Reached XP level 3. HP: 29/29 MP: 3/3
  1286 | D:2      | Found a faded altar of an unknown god.
  1886 | D:2      | Noticed Terence
  1895 | D:2      | Killed Terence
  1896 | D:2      | Reached XP level 4. HP: 26/37 MP: 4/4
  2028 | D:2      | Noticed Jessica
  2036 | D:2      | Killed Jessica
  2038 | D:2      | Gained mutation: You are mostly covered in sharp spines.
                  | [demonic ancestry]
  2038 | D:2      | Reached XP level 5. HP: 36/43 MP: 5/5
  2919 | D:3      | Reached skill level 5 in Fighting
  3010 | D:3      | Reached XP level 6. HP: 21/51 MP: 6/6
  3599 | D:4      | Reached skill level 5 in Armour
  3811 | D:4      | Found a blossoming altar of Fedhas.
  3910 | D:4      | Found a staircase to the Ecumenical Temple.
  3932 | Temple   | Entered the Ecumenical Temple
  4068 | Temple   | Became a worshipper of Warmaster Okawaru
  4275 | D:5      | Entered Level 5 of the Dungeon
  4287 | D:5      | Noticed a water moccasin
  4292 | D:5      | Killed a water moccasin
  4293 | D:5      | Gained mutation: When seriously injured, your bleeding
                  | wounds create armour. (AC +6) [demonic ancestry]
  4293 | D:5      | Reached XP level 7. HP: 58/58 MP: 7/7
  4322 | D:5      | Found a glowing drain.
  4353 | Sewer    | Entered a sewer
  4965 | D:5      | Noticed a wraith
  4978 | D:5      | Killed a wraith
  5179 | D:5      | Reached * piety under Okawaru
  5203 | D:5      | Found a transporter.
  5203 | D:5      | Noticed Yajnam's ghost (amateur MfIE)
  5331 | D:5      | Reached XP level 8. HP: 57/67 MP: 8/8
  5500 | D:5      | Found a transporter.
  5709 | D:5      | Found a shimmering altar of Xom.
  5709 | D:5      | Found a burning altar of Makhleb.
  5736 | D:5      | Found a bloodstained altar of Trog.
  5802 | D:6      | Noticed Grinder
  5807 | D:6      | Killed Grinder
  5955 | D:6      | Noticed Blork the orc
  5957 | D:6      | Noticed Pikel
  5961 | D:6      | Killed Blork the orc
  5977 | D:6      | Killed Pikel
  5977 | D:6      | Reached ** piety under Okawaru
  6113 | D:6      | Noticed Edmund
  6129 | D:6      | Killed Edmund
  6129 | D:6      | Reached *** piety under Okawaru
  6130 | D:6      | Gained mutation: You have sharp toenails. [demonic
                  | ancestry]
  6130 | D:6      | Reached XP level 9. HP: 60/76 MP: 9/9
  6146 | D:6      | Found an opulent altar of Gozag.
  6479 | D:6      | Reached **** piety under Okawaru
  6589 | D:6      | Noticed Maggie
  6600 | D:6      | Killed Maggie
  6601 | D:6      | Reached skill level 10 in Fighting
  7080 | D:6      | Found a large runed translucent door.
  7081 | D:6      | Found a large runed translucent door.
  7083 | D:6      | Noticed a11behringer's ghost (novice PaBe)
  7207 | D:6      | Reached skill level 1 in Maces & Flails
  7458 | D:7      | Reached ***** piety under Okawaru
  7459 | D:7      | Reached XP level 10. HP: 79/85 MP: 10/10
  7633 | D:7      | Found a radiant altar of Vehumet.
  7740 | D:7      | Found a sacrificial altar of Ru.
  7984 | D:7      | Found a hide-covered altar of Uskayaw.
  8078 | D:8      | Noticed Psyche
  8234 | D:7      | Killed Psyche
  8234 | D:7      | Received a gift from Okawaru
  8350 | D:8      | Reached skill level 10 in Armour
  8625 | D:8      | Received a gift from Okawaru
  9185 | D:8      | Identified the +1 whip of Eternal Harmony {venom, rC+
                  | Stlth+}
  9322 | D:8      | Noticed Prince Ribbit
  9330 | D:8      | Killed Prince Ribbit
  9394 | D:8      | Reached skill level 5 in Maces & Flails
  9559 | D:8      | Found a shadowy altar of Dithmenos.
 10097 | D:9      | Found the +5 scythe "Finisher" {speed, eviscerate}
 10220 | D:9      | Noticed a skeletal warrior
 10225 | D:9      | HP: 3/85 [skeletal warrior (24)]
 10225 | D:9      | HP: 1/85 [skeletal warrior (2)]
 10227 | D:9      | Mangled by a skeletal warrior

Illustrated notes

Levels and vault maps discovered:
D:1:      zaba_arrival_water, layout_basic, serial_glass, glass_columns_c,
          glass_columns_a, glass_columns_a, glass_columns_a, glass_columns_a,
          glass_columns_a, glass_columns_b, glass_columns_c, minmay_tromino_v7
D:2:      layout_basic, basic_altar, chequers_ecumenical_altar_island,
          uniq_terence, uniq_jessica
D:3:      layout_rooms, kennysheep_generic_room_13
D:4:      layout_cave_pools, fedhas_altar_3, minmay_temple_entry_glass,
          st_stairs_12
D:5:      layout_loops_ring, grunt_temple_overflow_champion_of_chaos,
          bloody_trog, lemuel_crystal_altar, gammafunk_ghost_stat_death,
          cheibrodos_sewer_entry_sluice
D:6:      minmay_chambers_of_threes, layout_basic, grunt_gozag_breadcrumbs,
          ebering_ghost_disaster_area, uniq_blork_the_orc, uniq_grinder,
          uniq_edmund, uniq_maggie, uniq_pikel
D:7:      layout_rooms, mainiacjoe_overflow_alcove_2, mainiacjoe_overflow_swirl,
          nicolae_ru_the_path_less_chosen, kennysheep_generic_room_16
D:8:      layout_layer_cave, mainiacjoe_overflow_catwalk, uniq_prince_ribbit1,
          uniq_psyche
D:9:      layout_stronghold, grunt_lair_entry_orc_guard_hut, minivault_23,
          hex_medium, minmay_guarded_unrand_finisher
Temple:   minmay_temple_curvy_loop

Skill      XL: |  1  2  3  4  5  6  7  8  9 10 |
---------------+-------------------------------+-----
Armour         | 3 4 5 6 8 9 10 | 10.8
Fighting       | 4 5 6 7 9 10 | 10.0
Maces & Flails | 3 5 |  5.7
Axes           | |  1.7
Shields        | |  2.6

Action                   |  1- 3 |  4- 6 |  7- 9 | 10-12 || total
-------------------------+-------+-------+-------+-------++-------
Melee: War axe           |    93 |   112 |   159 |       ||   364
       Kick              |       |       |    38 |    56 ||    94
       Flail             |       |       |    37 |    59 ||    96
       Whip              |       |       |       |    70 ||    70
       Unarmed           |       |       |       |     2 ||     2
Armor: Scale mail        |    49 |    33 |       |       ||    82
       Plate armour      |       |    30 |   159 |   106 ||   295
Dodge: Dodged            |    39 |    47 |    95 |    47 ||   228
